 Dungeon Crawl Stone Soup version 0.31.0 (webtiles) character file.

Game seed: 15800075850454446810

4 qw the Shooter (level 1, -1/12 HPs)
             Began as a Gargoyle Hunter on Jan 20, 2024.
             Slain by a goblin
             ... wielding a +0 club
              (3 damage)
             ... on level 1 of the Dungeon.
             The game lasted 00:00:00 (99 turns).

qw the Shooter (Gargoyle Hunter)                      Turns: 99, Time: 00:00:00

Health: -1/12      AC:  5    Str: 14    XL:     1   Next: 70%
Magic:  1/1        EV: 11    Int:  9    God:
Gold:   23         SH:  0    Dex: 13    Spells: 0/0 levels left

rFire   . . .        a - +0 shortbow
rCold   . . .        (shield currently unavailable)
rNeg    + . .        c - +0 leather armour
rPois   inf          (no helmet)
rElec   +            (no cloak)
rCorr   .            (no gloves)
SInv    .            (no boots)
Will    .....        (no amulet)
Stlth   +            (no ring)
HPRegen 0.22/turn    (no ring)
MPRegen 0.07/turn

%: no passive effects
@: no status effects
A: sickness immunity, AC +2, negative energy resistance 1, electricity
resistance, torment resistance 1, petrification resistance
a: no special abilities


You were on level 1 of the Dungeon.
You visited 1 branch of the dungeon, and saw 1 of its levels.

You collected 23 gold pieces.


Innate Abilities, Weirdness & Mutations

You are immune to sickness and miasma.
Your stone body is resilient. (AC +2)
You are immune to poison.
You resist negative energy. (rN+)
You are resistant to electric shocks. (rElec)
You are resistant to unholy torment.
You are immune to petrification.


   Skills:
 - Level 2.1 Fighting
 + Level 4.2 Ranged Weapons
 - Level 1.5 Dodging
 - Level 1.1 Stealth


You couldn't memorise any spells.
You didn't know any spells.
Your spell library was empty.

Inventory:

Hand Weapons
 a - a +0 shortbow (weapon)
Armour
 c - a +0 leather armour (worn)
Scrolls
 b - a scroll of butterflies
 e - a scroll of fear {unknown}
Potions
 d - a potion of haste {unknown}

Dungeon Overview and Level Annotations

Branches:
Dungeon (1/15)

Altars:


Message History

The ball python constricts you.
You shoot an arrow.
The arrow hits the ball python but does no damage.
The ball python is heavily wounded.
The ball python barely misses you. The ball python constricts you.
The goblin hits you but does no damage.
You shoot an arrow.
The arrow barely misses the ball python.
The ball python barely misses you. The ball python constricts you.
The goblin hits you with a +0 club. The ball python bites you.
The ball python constricts you. The goblin hits you but does no damage.
You shoot an arrow.
The arrow barely misses the ball python.
The ball python bites you but does no damage.
The ball python constricts you. The goblin hits you but does no damage.
A frilled lizard comes into view.
You shoot an arrow.
The arrow closely misses the ball python.
The ball python barely misses you. The ball python constricts you.
The goblin hits you but does no damage. The ball python closely misses you.
The ball python constricts you.
You shoot an arrow. The arrow hits the ball python.
The ball python is severely wounded.
The ball python barely misses you. The ball python constricts you.
The goblin completely misses you.
You shoot an arrow.
The arrow completely misses the ball python.
The ball python closely misses you. The ball python constricts you.
The goblin closely misses you. The frilled lizard bites you.
The ball python barely misses you. The ball python constricts you.
The goblin hits you but does no damage. The frilled lizard bites you.
You shoot an arrow. The arrow hits the ball python!
You kill the ball python!
The goblin hits you with a +0 club. The frilled lizard closely misses you.
You shoot an arrow. The arrow hits the frilled lizard.
You kill the frilled lizard!
The goblin closely misses you.
You shoot an arrow. The arrow misses the goblin.
The goblin hits you with a +0 club.
You die...

#..# # ###..# .#
########....########.##
..#.........#.........#
............#........#
#................%...#
#...............@%...#
................#g..##
..........###.#.#.#.#
..........# #...#.. ..
..........# #......#
#.# ..........#
#..#...# # .........##
#......# .........#
#......# .........#
#......#


You could see a goblin.

Vanquished Creatures
  A ball python (D:1)
  A goblin (D:1)
  A frilled lizard (D:1)
  A kobold (D:1)
  A rat (D:1)
5 creatures vanquished.

Notes
Turn   | Place    | Note
-------+----------+-------------------------------------------
     0 | D:1      | qw the Gargoyle Hunter began the quest for the Orb.
     0 | D:1      | Reached XP level 1. HP: 12/12 MP: 1/1
     0 | D:1      | 0 ||| qw: Version: 0.3-a-132-g3d54051
     0 | D:1      | 0 ||| qw: Game counter: 530
     0 | D:1      | 0 ||| qw: Melee chars always use a shield: true
     0 | D:1      | 0 ||| qw: God list: Okawaru
     0 | D:1      | 0 ||| qw: Allow faded altars: false
     0 | D:1      | 0 ||| qw: Do Orc after clearing Dungeon:15 true
     0 | D:1      | 0 ||| qw: Do second Lair branch before Depths: true
     0 | D:1      | 0 ||| qw: Lair rune preference: random
     0 | D:1      | 0 ||| qw: Goals: Normal
     0 | D:1      | 0 ||| PLANNING D:1-11
    96 | D:1      | HP: 2/12 [frilled lizard (2)]
    99 | D:1      | Slain by a goblin

Levels and vault maps discovered:
D:1:      lightli_arrival_chessboard, layout_rooms,
          shapermc_ecumenical_altar_ellora, hangedman_decor_clover_reticule,
          minmay_pentomino_o2

Action                     || total
---------------------------++-------
   Fire: Shortbow          ||    20
 Armour: Leather armour    ||    13
  Dodge: Dodged            ||    13

Table legend:
 A = Non-vault XP
 B = Vault XP
 C = Vault XP percentage of total XP
 D = Non-vault monster count
 E = Vault monster count
 F = Vault count percentage of total count
                 A         B        C        D         E       F
            +---------+---------+-------+---------+---------+-------
      Total |       6 |       1 |  14.3 |       4 |       1 |  20.0
            +---------+---------+-------+---------+---------+-------
        D:1 |       6 |       1 |  14.3 |       4 |       1 |  20.0
            +---------+---------+-------+---------+---------+-------
